Map: Nightshade LE

Players

GothisWay - Winner!

  • Race: Terran Terran
  • League: Platinum
  • Spawn Location: 11:00

MKH

  • Race: Terran Terran
  • League: Master
  • Spawn Location: 5:00

VOD

Have the link to the VOD?

Description

Time

  • Played on: Dec. 22, 2019, 3:29 p.m.
  • Length: 3:35
Show
View Real Time Build Order
Export as new Build Order

GothisWay Terran - Winner!

Build Orders:  

Get SALT Encoding   

  12  0:01  SCV  
  13  0:15  SCV  
  13  0:21  Supply Depot  
  14  0:27  Refinery  
  14  0:30  SCV  
  15  0:45  Barracks  
  15  0:59  Barracks  
  15  1:04  SCV  
  16  1:16  SCV  
  17  1:32  Orbital Command, Barracks Tech Lab  
  17  1:46  Supply Depot  
  17  1:51  Marauder, Concussive Shells  
  19  1:57  Barracks Tech Lab  
  18  2:12  Marauder  
  18  2:14  SCV  
  21  2:19  Supply Depot  
  21  2:20  Marauder  
  23  2:40  Marauder  
  26  2:44  Marauder  
  24  3:02  Marauder  
  26  3:06  Marauder  
  24  3:14  SCV  
  23  3:21  Bunker  
Show
View Real Time Build Order
Export as new Build Order

MKH Terran 

Build Orders:  

Get SALT Encoding   

  12  0:01  SCV  
  13  0:13  SCV  
  14  0:17  Supply Depot  
  14  0:25  SCV  
  15  0:39  SCV  
  15  0:42  Barracks  
  16  0:46  Refinery  
  16  0:59  Barracks  
  16  1:12  Barracks  
  16  1:20  Refinery  
  16  1:30  Reaper  
  16  1:32  SCV  
  18  1:47  Reaper  
  19  1:55  Supply Depot  
  19  2:02  Reaper  
  20  2:11  Reaper  
  21  2:19  Reaper  
  22  2:26  Bunker  
  22  2:41  Reaper  
  22  2:58  Reaper  
  22  3:01  Reaper  
Tags
 
Matchup
TvT
Race
Terran
Spawn Locations
Cross Positions
Add a new tag
Caveats
  • Supply blocks, unpowered buildings, or Contaminate may cause inaccurate times.
  • Supply counts are checked every 10 seconds.